 Dungeon Crawl Stone Soup version 0.30-a0-726-gd89dcf765f (webtiles) character file.

Game seed: 1307230288031713828

1326 hikkokomori the Poker (level 8, -1/46 (65) HPs)
             Began as a Merfolk Fighter on Jan 30, 2023.
             Was a Follower of Okawaru.
             Shot with an arrow by a centaur (7 damage)
             ... on level 6 of the Dungeon.
             The game lasted 00:11:42 (5693 turns).

hikkokomori the Poker (Merfolk Fighter)             Turns: 5693, Time: 00:11:43

HP:   -1/46 (65)    AC: 11    Str: 19    XL:     8   Next: 60%
MP:   9/9           EV:  9    Int:  7    God:    Okawaru [*.....]
Gold: 236           SH:  5    Dex: 13    Spells: 1/7 levels left

rFire   . . .      SeeInvis .    a - +0 trident
rCold   + . .      Faith    .    c - +0 buckler
rNeg    . . .      Spirit   .    b - +0 scale mail
rPois   +          Reflect  .    (no helmet)
rElec   .          Harm     .    w - +2 cloak
rCorr   .          Rampage  .    j - +0 pair of gloves
Will    .....                    E - +0 pair of boots Stlth
                                 g - amulet of magic regeneration
HPRegen 0.27/turn                f - ring of protection from cold
MPRegen 0.51/turn                y - ring of poison resistance

@: very heavily drained
A: (nimble swimmer 2), mertail
a: Renounce Religion, Heroism


You were on level 6 of the Dungeon.
You worshipped Okawaru.
Okawaru was aware of your devotion.
You visited 2 branches of the dungeon, and saw 8 of its levels.
You also visited: Ossuary.

You collected 236 gold pieces.

Inventory:

Hand Weapons
 a - a +0 trident (weapon)
Missiles
 p - 18 poisoned darts (quivered)
Armour
 b - a +0 scale mail (worn)
 c - a +0 buckler (worn)
 j - a +0 pair of gloves (worn)
 w - a +2 cloak (worn)
 E - a +0 pair of boots (worn)
Jewellery
 f - a ring of protection from cold (left hand)
 g - an amulet of magic regeneration (around neck)
 v - a +6 ring of intelligence
 y - a ring of poison resistance (right hand)
 z - a ring of ice
Wands
 x - a wand of polymorph (1)
Scrolls
 e - a scroll of enchant weapon {unknown}
 h - 3 scrolls of blinking
 i - 2 scrolls of fog
 n - 2 scrolls of teleportation
 r - a scroll of summoning
 u - a scroll of magic mapping {unknown}
 A - a scroll of noise {unknown}
 B - a scroll of fear
 C - a scroll of brand weapon {unknown}
 F - a scroll of identify
Potions
 d - 2 potions of might
 k - a potion of mutation {unknown}
 l - a potion of heal wounds {unknown}
 m - a potion of curing
 q - a potion of invisibility
 s - a potion of lignification
 t - a potion of cancellation {unknown}
 D - a potion of brilliance {unknown}


   Skills:
 + Level 6.8 Fighting
 + Level 7.5 Polearms
 - Level 2.1 Armour
 - Level 5.3 Shields
 + Level 4.8 Poison Magic
 + Level 1.9 Invocations


You had one spell level left.
You knew the following spells:

 Your Spells              Type           Power      Damage    Failure   Level
a - Cigotuvi's Dreadful   Necr/Pois/Air  4%         N/A       82%         2
b - Olgreb's Toxic Radia  Pois           6%         N/A       95%         4

Your spell library contained the following spells:

 Spells                   Type           Power      Damage    Failure   Level
 Sting                    Tmut/Pois      12%        1d3       56%         1
 Poisonous Vapours        Pois/Air       6%         N/A       71%         2
 Ensorcelled Hibernation  Hex/Ice        0%         N/A       95%         2
 Passwall                 Tmut/Erth      0%         N/A       95%         2
 Swiftness                Air            0%         N/A       99%         3
 Dispel Undead            Necr           0%         3d6       100%        4
 Death Channel            Necr           Unusable   N/A       N/A         6

Dungeon Overview and Level Annotations

Branches:
Dungeon (7/15)             Temple (1/1) D:5         Ossuary (visited)

Altars:
Ashenzari
Cheibriados
Dithmenos
Fedhas
Gozag
Hepliaklqana
Makhleb
Nemelex Xobeh
Okawaru
Ru
Trog
Uskayaw
Vehumet
Xom
Yredelemnul
Zin
The Shining One

Annotations:
D:6 Blork the orc


Innate Abilities, Weirdness & Mutations

((You are very nimble when in or above water. (Stealth+, EV+, Speed+++)))
Your lower body shifts to a powerful aquatic tail in water.


Message History

The phantom is severely damaged.
The centaur shoots an arrow.
The arrow hits you! The phantom hits you.
The phantom blinks!
You blink.
An orc comes into view. It is wielding a +0 dagger.
You are too injured to fight recklessly!
You are too injured to fight recklessly!
You are too injured to fight recklessly!
You are too injured to fight recklessly!
You are too injured to fight recklessly!
You are too injured to fight recklessly!
You are too injured to fight recklessly!
You are too injured to fight recklessly!
You are too injured to fight recklessly!
You are too injured to fight recklessly!
You are too injured to fight recklessly!
You are too injured to fight recklessly!
You are too injured to fight recklessly!
You are too injured to fight recklessly!
You are too injured to fight recklessly!
You are too injured to fight recklessly!
You are too injured to fight recklessly!
Found an escape hatch in the ceiling.
The sky beast flickers out of sight!
Deactivating autopickup; reactivate with Ctrl-A.
You block the phantom's attack.
Aiming: Polymorph
Press: ? - help, Shift-Dir - straight line Nothing appears to happen.
The centaur shoots an arrow.
The phantom hits you but does no damage.
Something hits you. Something shocks you.
* * * LOW HITPOINT WARNING * * *
Blink to where?
Press: ? - help, Dir - move target
As you read the scroll of blinking, it crumbles to dust.
The centaur shoots an arrow.
The arrow hits you.
* * * LOW HITPOINT WARNING * * *
The centaur shoots an arrow.
The arrow hits you.
* * * LOW HITPOINT WARNING * * *
There is a stone staircase leading up here.
The centaur shoots an arrow.
The arrow hits you!
You die...

## #### .# ### #..##.##
..## ## #(.....# ...#
##.###.÷..# ...##
#......@.# ....##
###.......### .....#
#.#....##...## ...##
##......# ......
....#..#..#.o..##.....#
..........#.c.......##..
........^.....W..##.. .
#...#.....#.o....##.#.
##........#...§...#


You could see a centaur and 2 orcs.

Vanquished Creatures
  A wraith (Ossuary)
  Edmund (D:6)
  An ice beast (D:6)
  A phantom (D:6)
  3 lemures
  A bullfrog (D:6)
  2 scorpions
  A howler monkey (D:6)
  5 orc priests
  5 hounds
  An iguana (D:5)
  3 orc wizards
  2 mummies
  4 gnolls (D:3)
  7 adders
  A white imp (D:5)
  2 worms
  A dart slug (D:1)
  16 orcs
  8 bats
  4 endoplasms
  6 giant cockroaches
  9 hobgoblins
  7 jackals
  6 kobolds
  4 quokkas
  4 ball pythons
  4 frilled lizards
  6 gnoll skeletons (Ossuary)
  8 goblins
  10 kobold skeletons (Ossuary)
  9 orc skeletons (Ossuary)
  5 rats
148 creatures vanquished.

Vanquished Creatures (others)
  A plant (D:6)
1 creature vanquished.

Grand Total: 149 creatures vanquished

Notes
Turn   | Place    | Note
-------+----------+-------------------------------------------
     0 | D:1      | hikkokomori the Merfolk Fighter began the quest for the
                  | Orb.
     0 | D:1      | Reached XP level 1. HP: 18/18 MP: 1/1
   168 | D:1      | Reached skill level 3 in Polearms
   174 | D:1      | Reached XP level 2. HP: 24/24 MP: 2/2
   536 | D:1      | Reached XP level 3. HP: 29/30 MP: 3/3
   985 | D:2      | Reached XP level 4. HP: 18/37 MP: 4/4
  1160 | D:2      | Reached skill level 4 in Polearms
  1474 | D:3      | Found a hazy altar of Hepliaklqana.
  1793 | D:3      | Reached XP level 5. HP: 42/43 MP: 5/5
  2024 | D:3      | Learned a level 2 spell: Cigotuvi's Dreadful Rot
  2325 | D:3      | Found a sacrificial altar of Ru.
  2424 | D:4      | Reached skill level 1 in Poison Magic
  2562 | D:4      | Reached skill level 5 in Polearms
  2562 | D:4      | Reached XP level 6. HP: 48/50 MP: 6/6
  2680 | D:4      | Reached skill level 5 in Fighting
  2757 | D:4      | Found a sand-covered staircase.
  2766 | Ossuary  | Entered an ossuary
  2766 | Ossuary  | Noticed a wraith
  2766 | Ossuary  | Noticed a wraith
  2766 | Ossuary  | Noticed a wraith
  2840 | Ossuary  | Noticed a wraith
  2879 | Ossuary  | Killed a wraith
  2880 | Ossuary  | Reached XP level 7. HP: 9/56 MP: 7/7
  3362 | D:5      | Entered Level 5 of the Dungeon
  3367 | D:5      | Reached skill level 5 in Shields
  3484 | D:5      | Reached skill level 6 in Polearms
  3523 | D:5      | Found a staircase to the Ecumenical Temple.
  3550 | Temple   | Entered the Ecumenical Temple
  3585 | Temple   | Became a worshipper of Warmaster Okawaru
  4155 | D:5      | Learned a level 4 spell: Olgreb's Toxic Radiance
  4551 | D:6      | Reached XP level 8. HP: 53/64 MP: 8/8
  4624 | D:6      | Reached skill level 7 in Polearms
  4827 | D:6      | Noticed Pikel
  5088 | D:6      | Noticed Edmund
  5281 | D:6      | Reached * piety under Okawaru
  5282 | D:6      | Reached skill level 1 in Invocations
  5306 | D:6      | Killed Edmund
  5384 | D:6      | Noticed Blork the orc
  5402 | D:6      | Noticed a troll
  5419 | D:5      | Pikel changed into Pikel the bullfrog
  5419 | D:5      | Noticed Pikel
  5431 | D:6      | Killed Pikel the bullfrog
  5693 | D:6      | Shot with an arrow by a centaur

Illustrated notes

Levels and vault maps discovered:
D:1:      wander_arrival_lonely_grave, layout_loops_ring
D:2:      layout_loops_cross, hangedman_decor_peaks_small
D:3:      layout_basic, nicolae_overflow_hidden_temple,
          nicolae_ru_the_path_less_chosen
D:4:      layout_rooms, gup_ossuary_entry_pyramid, grunt_decor_mini_mirrors
D:5:      layout_rooms, minmay_temple_entry_large_hall
D:6:      lemuel_castle_with_subvaults [lemuel_castle_interior_original],
          layout_cave_pools, uniq_blork_the_orc, uniq_edmund, uniq_pikel
D:7:      layout_gridville, uniq_duvessa
Temple:   hellmonk_temple_of_storms

Skill      XL: |  1  2  3  4  5  6  7  8 |
---------------+-------------------------+-----
Polearms       | 3 4 5 6 7 |  7.5
Fighting       | 4 5 6 |  6.8
Shields        | 4 5 |  5.3
Poison Magic   | 1 2 3 4 |  4.8
Invocations    | 1 |  1.9
Armour         | |  2.1

Action                     |  1- 3 |  4- 6 |  7- 9 || total
---------------------------+-------+-------+-------++-------
  Melee: Trident           |   119 |   235 |   332 ||   686
  Throw: Dart              |       |       |     3 ||     3
  Evoke: Wand              |       |       |     2 ||     2
    Use: Scroll            |       |     9 |     5 ||    14
         Potion            |       |     1 |     6 ||     7
 Armour: Scale mail        |    50 |    92 |   170 ||   312
         Skin              |       |       |    58 ||    58
  Dodge: Dodged            |    45 |    94 |   111 ||   250
  Block: Buckler           |    24 |    44 |    83 ||   151

Table legend: (Time is in decaauts)
 A = Elapsed time spent in this place.
 B = Non-inter-level travel time spent in this place.
 C = Inter-level travel time spent in this place.
 D = Time resting spent in this place.
 E = Time spent auto-exploring this place.
 F = Levels seen in this place.
 G = Mean time per level.
                   A        B        C        D        E       F      G
               +--------+--------+--------+--------+--------+-----+--------+
         Total |   5782 |   5624 |    158 |    947 |   3070 |   9 |  642.4 |
       Dungeon |   5238 |   5100 |    138 |    722 |   3008 |   7 |  748.3 |
        Temple |     55 |     35 |     20 |      0 |     15 |   1 |   55.0 |
       Ossuary |    488 |    488 |      0 |    225 |     47 |   1 |  488.0 |
               +--------+--------+--------+--------+--------+-----+--------+

Top non-repeatable levels by time:
     D:5: 1096 daAuts
     D:6: 1030 daAuts
     D:3: 930 daAuts
     D:2: 771 daAuts
     D:1: 718 daAuts
     D:4: 528 daAuts
 Ossuary: 488 daAuts
     D:7: 161 daAuts
  Temple: 55 daAuts
